 Dungeon Crawl Stone Soup version 0.20.1-1-g8b1a95d (webtiles) character file.

804 lysyklops the Magician (level 7, -3/32 HPs)
             Began as a Spriggan Venom Mage on Nov 15, 2017.
             Was a Follower of Okawaru.
             Slain by Grinder (6 damage)
             ... while paralysed by Grinder
             ... on level 6 of the Dungeon.
             The game lasted 00:46:57 (6537 turns).

lysyklops the Magician (Spriggan Venom Mage)        Turns: 6537, Time: 00:46:58

Health: -3/32      AC:  2    Str:  4    XL:     7   Next: 60%
Magic:  14/17      EV:  4    Int: 21    God:    Okawaru [*.....]
Gold:   226        SH:  0    Dex: 20    Spells: 3/18 levels left

rFire    . . .     SeeInvis +   x - +1 dagger (venom)
rCold    . . .     Gourm    .   (shield restricted)
rNeg     . . .     Faith    .   a - +0 robe
rPois    .         Spirit   .   (helmet restricted)
rElec    .         Reflect  .   (no cloak)
rCorr    .         Harm     .   (gloves unavailable)
MR       +....                  (boots unavailable)
Stlth    +++.......             (no amulet)
Regen    0.1/turn               d - +3 ring of intelligence
MPRegen  0.2/turn               O - +3 ring of dexterity

@: paralysed, very quick
A: unfitting armour, see invisible, herbivore 3, speed 3, slow metabolism 2
a: Heroism, Renounce Religion


You were on level 6 of the Dungeon.
You worshipped Okawaru.
Okawaru was aware of your devotion.
You were not hungry.

You visited 1 branch of the dungeon, and saw 6 of its levels.

You collected 226 gold pieces.

Inventory:

Hand Weapons
 f - a +0 dagger
 i - a +3 vampiric dagger
 x - a +1 dagger of venom (weapon)
 B - a +0 club
 H - a +0 short sword
 N - a +0 dagger
 S - a +0 halberd
 T - a +0 flail
Missiles
 e - 2 throwing nets
 W - 29 poisoned needles
 Y - 2 tomahawks of returning (quivered)
Armour
 a - a +0 robe (worn)
 v - a +0 robe
 K - a +0 robe
Jewellery
 d - a +3 ring of intelligence (left hand)
 J - a +4 ring of strength
 O - a +3 ring of dexterity (right hand)
 U - an uncursed ring of teleportation
Wands
 g - a wand of random effects (15/48)
 X - a wand of polymorph (0/24)
Scrolls
 k - 4 scrolls of remove curse
 m - a scroll of recharging {unknown}
 p - 5 scrolls of identify
 r - a scroll of enchant weapon {unknown}
 s - a scroll of noise {unknown}
 C - a scroll of teleportation {unknown}
 E - a scroll of magic mapping {unknown}
Potions
 h - a potion of might {unknown}
 l - 2 potions of heal wounds {unknown}
 u - 3 potions of curing
 w - a potion of cancellation {unknown}
 A - a potion of invisibility {unknown}
 I - 2 potions of mutation
 L - a potion of agility {unknown}
 P - a potion of berserk rage {unknown}
 Q - a potion of flight {unknown}
Books
 b - a Young Poisoner's Handbook

   Spells                             Type                      Level
   a - Sting                          Conjuration/Poison           1
   b - Poisonous Vapours              Poison/Air                   2
   c - Mephitic Cloud                 Conjuration/Poison/Air       3
   d - Olgreb's Toxic Radiance        Poison                       4
   e - Venom Bolt                     Conjuration/Poison           5
Comestibles
 c - 6 bread rations
 G - 3 royal jellies
 M - a meat ration
 V - 7 fruits


   Skills:
 + Level 0.2 Fighting
 + Level 2.1 Short Blades
 + Level 3.6 Dodging
 + Level 4.0 Stealth
 + Level 6.1 Spellcasting
 + Level 2.4 Conjurations
 + Level 2.3 Air Magic
 + Level 5.3 Poison Magic
 + Level 1.0 Evocations


You had 3 spell levels left.
You knew the following spells:

 Your Spells              Type           Power        Failure   Level  Hunger
a - Sting                 Conj/Pois      ###.         1%          1    None
b - Poisonous Vapours     Pois/Air       ###...       3%          2    None
c - Mephitic Cloud        Conj/Pois/Air  ###.....     7%          3    ##.....
d - Olgreb's Toxic Radia  Pois           ####....     11%         4    ####...
e - Venom Bolt            Conj/Pois      ###.......   47%         5    #####..


Dungeon Overview and Level Annotations

Branches:
Dungeon (6/15)
 Temple: D:4-7

Altars:
Okawaru
Qazlal

Annotations:
D:4 Menkaure
D:6 Grinder


Innate Abilities, Weirdness & Mutations

You are very small and have problems with some larger weapons.
You are too small for most types of armour.
You have supernaturally acute eyesight. (SInv)
You are a herbivore.
You cover ground extremely quickly.
You need consume almost no food.


Message History

The crimson imp is poisoned.
The orc priest mumbles some strange prayers to Beogh against you.
Beogh smites you! The crimson imp hits you.
* * * LOW HITPOINT WARNING * * *
An adder skeleton comes into view.
You miss the crimson imp.
The crimson imp is lightly wounded.
The crimson imp barely misses you.
You miss the crimson imp.
The crimson imp is lightly wounded.
Grinder gestures at you.
You suddenly lose the ability to move!
The orc priest looks satisfied for a moment.
The crimson imp hits you but does no damage.
The crimson imp hits you.
* * * LOW HITPOINT WARNING * * *
Grinder hits you.
* * * LOW HITPOINT WARNING * * *
You writhe in agony.
You die...

#.#.#..#.####.#
#............##
###......###..#
#......$# #.#.#
..........# #.#
# ###.##...##
#.# #. #####
#.# . #5# # #@#
#5# #Z# #h#
.?o...oo#
..$....oZ
o.....#Z.#
...oo..#.#
....### _.


You could see Grinder, an orc priest, an orc wizard, a crimson imp, an orc, an
adder zombie, a jackal, an adder skeleton and a howler monkey skeleton.

Vanquished Creatures
  A sky beast (D:5)
  An ogre (D:5)
  A centaur (D:6)
  A howler monkey (D:5)
  A crimson imp (D:4)
  2 hounds (D:4)
  3 orc wizards
  A centaur skeleton (D:5)
  An iguana (D:5)
  Ijyb (D:4)
  2 worker ants (D:5)
  Robin (D:4)
  4 gnolls (D:3)
  6 adders
  A shadow imp (D:5)
  A worm (D:4)
  A dart slug (D:5)
  3 leopard geckos
  6 orcs
  4 giant cockroaches
  12 hobgoblins
  2 jackals (D:2)
  3 quokkas
  A ball python (D:2)
  9 bats
  9 frilled lizards
  17 goblins
  8 kobolds
  A leopard gecko skeleton (D:5)
  4 rats
108 creatures vanquished.

Notes
Turn   | Place    | Note
-------+----------+-------------------------------------------
     0 | D:1      | lysyklops the Spriggan Venom Mage began the quest for the Orb.
     0 | D:1      | Reached XP level 1. HP: 9/9 MP: 5/5
   603 | D:1      | Reached XP level 2. HP: 13/13 MP: 2/6
   796 | D:1      | Reached skill level 3 in Spellcasting
  1191 | D:2      | Reached skill level 1 in Conjurations
  1195 | D:2      | Learned a level 2 spell: Poisonous Vapours
  1264 | D:2      | Reached XP level 3. HP: 16/16 MP: 3/8
  1382 | D:2      | Learned a level 3 spell: Mephitic Cloud
  2099 | D:3      | Found an iron altar of Okawaru.
  2106 | D:3      | Reached XP level 4. HP: 21/21 MP: 3/9
  2298 | D:3      | Became a worshipper of Warmaster Okawaru
  2330 | D:3      | Reached skill level 1 in Air Magic
  2432 | D:3      | Reached XP level 5. HP: 24/24 MP: 8/11
  2438 | D:3      | Learned a level 4 spell: Olgreb's Toxic Radiance
  2464 | D:3      | Reached skill level 4 in Spellcasting
  2617 | D:3      | You fall through a shaft!
  3005 | D:4      | Noticed Robin
  3037 | D:4      | Reached XP level 6. HP: 9/28 MP: 1/14
  3087 | D:4      | Killed Robin
  3547 | D:4      | Noticed Ijyb
  3552 | D:4      | Noticed Menkaure
  3576 | D:4      | Killed Ijyb
  3576 | D:4      | Reached skill level 1 in Short Blades
  3797 | D:4      | Reached skill level 5 in Spellcasting
  4355 | D:4      | Reached * piety under Okawaru
  4458 | D:4      | Learned a level 5 spell: Venom Bolt
  4495 | D:5      | Entered Level 5 of the Dungeon
  5072 | D:5      | Noticed a sky beast
  5094 | D:5      | Killed a sky beast
  5094 | D:5      | Reached skill level 5 in Poison Magic
  5094 | D:5      | Reached skill level 1 in Evocations
  5094 | D:5      | Reached XP level 7. HP: 32/32 MP: 1/16
  6154 | D:6      | HP: 1/32 [centaur/arrow (6)]
  6158 | D:6      | Reached skill level 6 in Spellcasting
  6487 | D:6      | Noticed Grinder
  6493 | D:6      | Paralysed by Grinder for 6 turns
  6518 | D:6      | Found a stormy altar of Qazlal.
  6535 | D:6      | Paralysed by Grinder for 5 turns
  6537 | D:6      | Slain by Grinder

Skill      XL: |  1  2  3  4  5  6  7 |
---------------+----------------------+-----
Spellcasting   | 3 4 5 6 |  6.1
Conjurations   | 1 2 |  2.4
Poison Magic   | 4 5 |  5.3
Air Magic      | 1 2 |  2.3
Short Blades   | 1 2 |  2.1
Evocations     | 1 |  1.0
Stealth        | 4 |  4.0
Fighting       | |  0.2
Dodging        | |  3.6

Action                   |  1- 3 |  4- 6 |  7- 9 || total
-------------------------+-------+-------+-------++-------
Melee: Dagger            |    14 |    77 |    21 ||   112
 Cast: Sting             |    54 |    93 |    37 ||   184
       Poisonous Vapours |    19 |    28 |     6 ||    53
Evoke: Wand              |       |     4 |       ||     4
  Use: Scroll            |     1 |     3 |       ||     4
 Stab: Sleeping          |     2 |       |       ||     2
  Eat: Bread ration      |       |     1 |       ||     1
Armor: Robe              |     1 |     2 |     1 ||     4
Dodge: Dodged            |    21 |    51 |    14 ||    86
